 Dungeon Crawl Stone Soup version 0.28.0-43-g3370ac3207 (webtiles) character file.

Game seed: 6864482643720197593

15434 crimpus the Severer (level 12, -6/165 HPs)
             Began as a Minotaur Berserker on Mar 14, 2022.
             Was an Elder of Trog.
             Mangled by an ettin
             ... wielding a +0 dire flail
              (32 damage)
             ... on level 13 of the Dungeon.
             The game lasted 00:22:45 (15558 turns).

crimpus the Severer (Minotaur Berserker)           Turns: 15558, Time: 00:22:45

Health: -6/165     AC: 20    Str: 29    XL:     12   Next: 1%
Magic:  9/9        EV: 10    Int:  6    God:    Trog [****..]
Gold:   847        SH:  0    Dex: 10    Spells: 11/11 levels left

rFire   + . .      SeeInvis +   L - +7 battleaxe (protect)
rCold   . . .      Faith    +   (shield currently unavailable)
rNeg    . . .      Spirit   .   l - +0 plate armour {rF+}
rPois   .          Reflect  .   (helmet restricted)
rElec   .          Harm     .   o - +0 cloak
rCorr   +          Rampage  .   c - +0 pair of gloves
Will    ++...                   x - +0 pair of boots
Stlth   ..........              w - amulet of faith
HPRegen 1.37/turn               g - ring of see invisible
MPRegen 0.11/turn               K - ring of resist corrosion

@: berserking, strong-willed, regenerating, studying Dodging, very quick
A: horns 2, retaliatory headbutt, clever 1, low MP 1, strong 1
a: Renounce Religion, Berserk, Trog's Hand, Brothers in Arms


You were on level 13 of the Dungeon.
You worshipped Trog.
Trog was greatly pleased with you.
You visited 1 branch of the dungeon, and saw 13 of its levels.
You also visited: Sewer.

You collected 847 gold pieces.

Inventory:

Hand Weapons
 a - a +2 vampiric halberd
 B - a +1 dire flail of protection
 L - a +7 battleaxe of protection (weapon)
Missiles
 d - 5 throwing nets (quivered)
Armour
 c - a +0 pair of gloves (worn)
 l - a +0 plate armour of fire resistance (worn)
 o - a +0 cloak (worn)
 r - a +0 buckler
 x - a +0 pair of boots (worn)
Jewellery
 g - a ring of see invisible (left hand)
 w - an amulet of faith (around neck)
 K - a ring of resist corrosion (right hand)
Wands
 b - a wand of iceblast (33)
 e - a wand of digging (5)
 j - a wand of mindburst (10)
 m - a wand of charming (5)
 n - a wand of polymorph (6)
 F - a wand of flame (40)
Scrolls
 h - 3 scrolls of summoning
 i - a scroll of enchant weapon
 k - 4 scrolls of teleportation
 q - 2 scrolls of identify
 s - 3 scrolls of amnesia
 t - 2 scrolls of torment
 u - a scroll of magic mapping
 y - 4 scrolls of fear
 A - 2 scrolls of enchant armour
 D - 2 scrolls of immolation
 J - 3 scrolls of silence
Potions
 f - 4 potions of curing
 p - 3 potions of haste
 v - a potion of might
 z - 2 potions of brilliance
 C - a potion of mutation
 G - 3 potions of magic


   Skills:
 + Level 11.3 Fighting
 + Level 15.9 Axes
 + Level 12.4 Armour
 * Level 8.3 Dodging


You had 11 spell levels left.
You didn't know any spells.
Your spell library was empty.

Dungeon Overview and Level Annotations

Branches:
Dungeon (13/15)            Temple (0/1) D:7            Lair (0/6) D:9
    Orc (0/2) D:11          Sewer (visited)
 Vaults: D:13-14

Altars:
Zin

Shops:
D:5 *

Annotations:
D:13 Kirke


Innate Abilities, Weirdness & Mutations

You have a pair of horns on your head.
You reflexively headbutt those who attack you in melee.
Your mind is acute. (Int +2)
Your magical capacity is low. (-10% MP)
Your muscles are strong. (Str +2)


Message History

You start resting.
Your skin stops crawling.
You feel less strong-willed.
You start resting.
HP restored.
You start waiting.
Done waiting.
You start waiting.
Done waiting.
A manticore and an orc knight come into view.
Found a scale mail.
The orc knight shouts!
An ettin comes into view. It is wielding two +0 dire flails.
The orc knight unwields a +0 great mace.
The orc knight wields a +0 arbalest.
The orc knight shoots a bolt.
The bolt hits you!
You hear a shout!
Cleave: L) +7 battleaxe (protect)
Press: ? - help, Dir - move target, f - you
Okay, then.
Your ogre goes berserk!
The ettin misses you.
The ettin hits you with a +0 dire flail!!
A bolt of negative energy appears from out of your range of vision.
The bolt of negative energy hits your ogre!!
Your ogre is drained!
Your skin crawls.
You feel strong-willed.
Your ogre hits the ettin with a +0 giant spiked club!
The ettin hits you with a +0 dire flail!
The ettin hits you with a +0 dire flail!!
A bolt of cold appears from out of your range of vision.
The bolt of cold hits your ogre!!
Your ogre dies!
Your ogre's corpse disappears in a puff of smoke!
A red film seems to cover your vision as you go berserk!
You feel yourself moving faster!
You feel mighty!
The ettin hits you with a +0 dire flail!!
* * * LOW HITPOINT WARNING * * *
The ettin hits you with a +0 dire flail!!
You die...

.....#
.....#
#....####
......#
#....#
#Ho.#
##...#
#.##C...#
#.ยง@...#
#....####
.......##
......#
......
......
######


You could see an orc knight, an ettin and a manticore.

Vanquished Creatures
  Harold (D:8)
  A hydra (D:11)
  3 two-headed ogres
  A wizard (D:10)
  The ghost of nickcage the Frost Mage, a novice GrIE of Vehumet (D:9)
  The ghost of Jingleheimer the Destroyer, a novice DrCj (D:5)
  A manticore (D:11)
  3 trolls
  The ghost of jimonade the Poker, an amateur GnCA of Ignis (D:3)
  A hornet (D:8)
  16 yaks
  A wraith (D:11)
  A shadow (D:11)
  A wyvern (D:9)
  A basilisk (D:11)
  3 steam dragons
  9 vampire mosquitoes
  An acid dragon (D:9)
  A water moccasin (D:8)
  An ice beast (D:7)
  7 orc warriors
  5 black bears
  6 ogres (D:11)
  2 centaurs (D:9)
  4 kobold brigands (D:11)
  Blork the orc (D:5)
  3 gnoll sergeants (D:11)
  5 bullfrogs
  A scorpion (D:5)
  A water moccasin zombie (D:5)
  10 killer bees
  2 howler monkeys (D:11)
  4 wights (D:9)
  2 electric eels (D:11)
  A bullfrog zombie (D:6)
  2 centaur zombies (D:10)
  A hound (D:6)
  A gnoll shaman (D:6)
  2 orc priests
  2 centaur skeletons
  Crazy Yiuf (D:4)
  2 iguanas
  Jessica (D:2)
  5 orc wizards
  A killer bee zombie (D:6)
  A hound zombie (D:5)
  Robin (D:3)
  A howler monkey zombie (D:6)
  19 gnolls
  14 adders
  9 river rats
  2 shadow imps
  A white imp (D:5)
  An ufetubus (D:5)
  3 worms
  3 dart slugs
  25 orcs
  6 bats
  11 endoplasms
  5 giant cockroaches
  15 goblins
  13 hobgoblins
  4 jackals (D:1)
  3 quokkas (D:2)
  24 ball pythons
  4 frilled lizards
  8 kobolds
  28 rats
322 creatures vanquished.

Vanquished Creatures (collateral kills)
  2 kobold brigands (D:11)
2 creatures vanquished.

Vanquished Creatures (others)
  12 fungi
  10 plants (D:9)
22 creatures vanquished.

Grand Total: 346 creatures vanquished

Notes
Turn   | Place    | Note
-------+----------+-------------------------------------------
     0 | D:1      | crimpus the Minotaur Berserker began the quest for the Orb.
     0 | D:1      | Reached XP level 1. HP: 19/19 MP: 0/0
   463 | D:1      | Reached skill level 4 in Axes
   463 | D:1      | Reached XP level 2. HP: 22/27 MP: 1/1
   926 | D:1      | Reached XP level 3. HP: 31/33 MP: 2/2
  1884 | D:2      | Reached skill level 5 in Axes
  1892 | D:2      | Reached ** piety under Trog
  1932 | D:2      | Reached XP level 4. HP: 41/41 MP: 3/3
  2242 | D:2      | Noticed Jessica
  2245 | D:2      | Killed Jessica
  3406 | D:3      | Found a runed translucent door.
  3408 | D:3      | Noticed jimonade's ghost (amateur GnCA)
  3430 | D:3      | Reached skill level 6 in Axes
  3466 | D:3      | Reached XP level 5. HP: 47/47 MP: 4/4
  3680 | D:3      | Noticed Robin
  3695 | D:3      | Reached skill level 5 in Fighting
  3697 | D:3      | Killed Robin
  3916 | D:3      | Identified a scroll of acquirement
  3916 | D:3      | Acquired a manual of Dodging
  4660 | D:4      | Found a runed translucent door.
  4661 | D:4      | Noticed Crazy Yiuf
  4726 | D:4      | Killed Crazy Yiuf
  4813 | D:5      | Entered Level 5 of the Dungeon
  4816 | D:5      | Reached XP level 6. HP: 56/56 MP: 5/5
  4914 | D:5      | Reached skill level 7 in Axes
  4967 | D:5      | Found a large runed translucent door.
  4967 | D:5      | Found a large runed translucent door.
  4969 | D:5      | Noticed Jingleheimer's ghost (novice DrCj)
  5324 | D:5      | Noticed Blork the orc
  5328 | D:5      | Killed Blork the orc
  5352 | D:5      | Found a glowing drain.
  5380 | Sewer    | Entered a sewer
  5456 | Sewer    | Reached XP level 7. HP: 58/61 MP: 6/6
  5581 | Sewer    | Reached *** piety under Trog
  5769 | Sewer    | Reached skill level 5 in Armour
  5809 | Sewer    | Reached skill level 8 in Axes
  6406 | D:5      | Found Icem's General Store.
  6511 | D:5      | Noticed a steam dragon
  6512 | D:5      | Noticed a steam dragon
  6523 | D:5      | Killed a steam dragon
  6524 | D:5      | Reached XP level 8. HP: 70/70 MP: 7/7
  6527 | D:5      | Reached skill level 9 in Axes
  7090 | D:6      | Reached **** piety under Trog
  7099 | D:6      | Found a glowing silver altar of Zin.
  7740 | D:7      | Found a staircase to the Ecumenical Temple.
  7746 | D:7      | Reached skill level 10 in Axes
  7750 | D:7      | Reached skill level 5 in Dodging
  7764 | D:7      | Reached XP level 9. HP: 55/79 MP: 8/8
  8583 | D:8      | Reached skill level 11 in Axes
  8698 | D:8      | Noticed Harold
  8707 | D:8      | Killed Harold
  8983 | D:8      | Gained mutation: Your mind is acute. (Int +2) [potion of
                  | mutation]
  8983 | D:8      | Gained mutation: Your magical capacity is low. (-10% MP)
                  | [potion of mutation]
  8983 | D:8      | Gained mutation: Your muscles are strong. (Str +2) [potion
                  | of mutation]
  9056 | D:8      | Reached skill level 12 in Axes
  9482 | D:8      | Reached XP level 10. HP: 71/90 MP: 8/8
 10342 | D:9      | Noticed a two-headed ogre
 10351 | D:9      | Killed a two-headed ogre
 10352 | D:9      | Reached skill level 13 in Axes
 10713 | D:9      | Found a staircase to the Lair.
 10888 | D:9      | Reached skill level 10 in Armour
 11220 | D:9      | Found a runed translucent door.
 11221 | D:9      | Noticed nickcage's ghost (novice GrIE)
 11494 | D:9      | Reached ***** piety under Trog
 11929 | D:9      | Killed nickcage's ghost
 11930 | D:9      | Reached skill level 10 in Fighting
 12322 | D:3      | Killed jimonade's ghost
 12323 | D:3      | Reached XP level 11. HP: 92/99 MP: 8/8
 12474 | D:5      | Killed Jingleheimer's ghost
 12475 | D:5      | Reached skill level 14 in Axes
 12813 | D:10     | Entered Level 10 of the Dungeon
 13165 | D:10     | Noticed a wizard
 13176 | D:10     | Killed a wizard
 13540 | D:11     | Noticed a two-headed ogre
 13544 | D:11     | Killed a two-headed ogre
 13653 | D:11     | Reached skill level 15 in Axes
 14038 | D:11     | Noticed a six-headed hydra
 14048 | D:11     | Killed a six-headed hydra
 14416 | D:11     | Found a staircase to the Orcish Mines.
 15146 | D:12     | Noticed a two-headed ogre
 15155 | D:12     | Killed a two-headed ogre
 15156 | D:12     | Reached XP level 12. HP: 101/110 MP: 9/9
 15219 | D:12     | Noticed a boulder beetle
 15230 | D:13     | Noticed Kirke
 15551 | D:13     | Noticed an ettin
 15558 | D:13     | Mangled by an ettin

Illustrated notes

Levels and vault maps discovered:
D:1:      dpeg_arrival_pits, layout_loops_ring
D:2:      minmay_wonky_spiral, layout_basic, grunt_ministairs_1, uniq_jessica
D:3:      layout_basic, ebering_ghost_reflecting_pool,
          hangedman_abyss_or_decor_lesser_grid, uniq_robin
D:4:      layout_basic, uniq_crazy_yiuf_cottage
D:5:      kennysheep_steamy, layout_loops_corners, ebering_ghost_disaster_area,
          portal_sewer_entry_b, serial_shops, shop,
          chequers_serial_rivers_large_b, grunt_decor_cap, uniq_blork_the_orc
D:6:      layout_gridville, old_standard_altar
D:7:      layout_basic, temple_statues
D:8:      layout_basic, st_stairs_7, uniq_harold
D:9:      layout_small_grid, grunt_lair_entry_orc_guard_hut,
          ebering_ghost_reflecting_pool
D:10:     layout_irregular_city, skrybe_limestone_x, minivault_22
D:11:     layout_irregular_city, kennysheep_orc_monster_closet_entryway,
          disabler_island
D:12:     layout_stronghold, fedhas_bush_and_centaur_altar
D:13:     cross_vault, layout_irregular_city, uniq_kirke, uniq_frances

Skill      XL: |  1  2  3  4  5  6  7  8  9 10 11 |
---------------+----------------------------------+-----
Fighting       | 4 5 6 7 8 10 11 | 11.3
Axes           | 4 5 6 7 8 10 12 13 15 | 15.9
Armour         | 3 4 5 7 8 11 12 | 12.4
Dodging        | 3 5 6 7 8 |  8.3

Action                   |  1- 3 |  4- 6 |  7- 9 | 10-12 || total
-------------------------+-------+-------+-------+-------++-------
Melee: Hand axe          |    71 |   160 |   247 |   118 ||   596
       Headbutt          |     8 |    20 |    57 |    55 ||   140
       Punch             |       |       |     5 |       ||     5
       War axe           |       |       |    43 |       ||    43
       Battleaxe         |       |       |       |   138 ||   138
       Dire flail        |       |       |       |     4 ||     4
Throw: Throwing net      |       |       |     1 |       ||     1
Invok: Berserk           |     2 |     7 |     7 |    14 ||    30
       Trog's Hand       |       |       |       |     3 ||     3
       Brothers in Arms  |       |       |       |     2 ||     2
  Use: Scroll            |       |     8 |     5 |     8 ||    21
       Potion            |       |     5 |     7 |     4 ||    16
 Stab: Sleeping          |     1 |       |       |       ||     1
Armor: Animal skin       |     8 |    14 |       |       ||    22
       Chain mail        |       |    54 |   139 |       ||   193
       Steam dragon scal |       |       |     6 |       ||     6
       Plate armour      |       |       |     2 |   181 ||   183
Dodge: Dodged            |    52 |    71 |   150 |   124 ||   397
